 Dungeon Crawl Stone Soup version 0.28.0-45-g0d030f2227 (webtiles) character file.

Game seed: 14653375417177619974

130 seaoflcl the Covered (level 5, -1/41 HPs)
             Began as a Human Fighter on Apr 11, 2022.
             Killed from afar by Sigmund (10 damage)
             ... with a magic dart
             ... on level 3 of the Dungeon.
             The game lasted 00:03:11 (2097 turns).

seaoflcl the Covered (Human Fighter)                Turns: 2097, Time: 00:03:12

Health: -1/41      AC:  0    Str: 18    XL:     5   Next: 36%
Magic:  5/5        EV: 17    Int:  8    God:
Gold:   24         SH:  0    Dex: 18    Spells: 4/4 levels left

rFire   . . .      SeeInvis .   (weapon currently unavailable)
rCold   . . .      Faith    .   (shield currently unavailable)
rNeg    . . .      Spirit   .   (armour currently unavailable)
rPois   .          Reflect  .   (helmet currently unavailable)
rElec   .          Harm     .   (cloak currently unavailable)
rCorr   .          Rampage  .   (gloves currently unavailable)
Will    .....                   (boots currently unavailable)
Stlth   +.........              (no amulet)
HPRegen 0.13/turn               (ring currently unavailable)
MPRegen 0.09/turn               (ring currently unavailable)

@: confused, bat-form (expiring), flying, very quick
A: fast, flying, no casting, tiny
a: no special abilities


You were on level 3 of the Dungeon.
You were a bat.
You visited 1 branch of the dungeon, and saw 3 of its levels.

You collected 24 gold pieces.

Inventory:

Hand Weapons
 a - a +0 long sword (melded)
Missiles
 h - 17 sling bullets
Armour
 f - a +0 plate armour (melded)
 g - a +0 helmet (melded)
 j - a +0 tower shield (melded)
Scrolls
 b - a scroll of teleportation {unknown}
 e - a scroll of identify {unknown}
Potions
 c - a potion of flight {unknown}
 d - 2 potions of brilliance {unknown}
 i - a potion of degeneration {unknown}


   Skills:
 + Level 3.6 Fighting
 + Level 3.2 Long Blades
 + Level 3.9 Armour
 + Level 3.7 Shields


You had 4 spell levels left.
You didn't know any spells.
Your spell library was empty.

Dungeon Overview and Level Annotations

Branches:
Dungeon (3/15)

Altars:
Dithmenos

Annotations:
D:3 Sigmund


Message History

You hit Sigmund but do no damage. Sigmund closely misses you.
You hit Sigmund but do no damage. Sigmund completely misses you.
You hit Sigmund but do no damage. Sigmund gestures at you while chanting.
You are confused.
Sigmund closely misses you.
You bump into the rock wall.
Sigmund hits you with a +0 scythe!
Sigmund points at you and mumbles some strange words.
You are more confused.
You bump into the rock wall.
You're too confused to move!
Sigmund points at you and mumbles some strange words.
You are more confused.
You bump into the rock wall.
Unknown command.
You bump into the rock wall.
Your transformation is almost over.
Sigmund mumbles some strange words.
Sigmund flickers and vanishes!
Deactivating autopickup; reactivate with Ctrl-A.
You hear some strange, mumbled words.
A puff of flame appears from out of thin air!
The puff of flame misses you.
You bump into the rock wall.
You hear some strange, mumbled words.
You are more confused.
You're too confused to move!
Something barely misses you.
You're too confused to move!
You hear some strange, mumbled words.
Something tries to affect you, but you resist.
A magic dart appears from out of thin air!
The magic dart hits you!
* * * LOW HITPOINT WARNING * * *
You see here a frilled lizard corpse.
You're too confused to move!
You are more confused.
A magic dart appears from out of thin air!
The magic dart hits you!
You die...

#........# ..
#......###.##
##..........#
#.#......###..#
#...†...##...#
###...#{##..#####
##.##.........##
#.............#
#######b.###..##
#<........
####.#.... .# ##
. . ..


There were no monsters in sight!

Vanquished Creatures
  Natasha (twice) (D:2)
  4 adders
  A worm (D:2)
  A dart slug (D:2)
  4 endoplasms (D:2)
  2 giant cockroaches (D:2)
  2 goblins
  3 hobgoblins
  6 kobolds
  2 quokkas (D:1)
  2 ball pythons
  6 bats
  6 frilled lizards
  2 rats
43 creatures vanquished.

Notes
Turn   | Place    | Note
-------+----------+-------------------------------------------
     0 | D:1      | seaoflcl the Human Fighter began the quest for the Orb.
     0 | D:1      | Reached XP level 1. HP: 18/18 MP: 1/1
    97 | D:1      | Reached XP level 2. HP: 24/24 MP: 2/2
   550 | D:1      | Reached XP level 3. HP: 11/29 MP: 3/3
  1156 | D:2      | Reached XP level 4. HP: 35/35 MP: 4/4
  1344 | D:2      | Found a shadowy altar of Dithmenos.
  1459 | D:2      | Noticed Natasha
  1481 | D:2      | Killed Natasha
  1484 | D:2      | Reached XP level 5. HP: 15/41 MP: 5/5
  1637 | D:2      | Noticed Natasha
  1663 | D:2      | Killed Natasha
  2062 | D:3      | Noticed Sigmund
  2097 | D:3      | Killed from afar by Sigmund

Illustrated notes

Levels and vault maps discovered:
D:1:      dpeg_arrival_simpleton_a, layout_rooms, kennysheep_decorative_pillar
D:2:      layout_basic, basic_altar, uniq_natasha
D:3:      layout_loops_ring, uniq_sigmund, uniq_pargi

Skill      XL: |  1  2  3  4  5 |
---------------+----------------+-----
Long Blades    | 3 |  3.2
Fighting       | |  3.6
Armour         | |  3.9
Shields        | |  3.7

Action                   |  1- 3 |  4- 6 || total
-------------------------+-------+-------++-------
Melee: Long sword        |    82 |    73 ||   155
       Unarmed           |       |     8 ||     8
  Use: Potion            |     1 |       ||     1
Armor: Scale mail        |     6 |       ||     6
       Plate armour      |    65 |    64 ||   129
Dodge: Dodged            |    17 |    12 ||    29
Block: Buckler           |    16 |       ||    16
       Tower shield      |    22 |    56 ||    78
